 Dungeon Crawl Stone Soup version 0.22-a0-605-g9281fa2 (webtiles) character file.

4316 Gildeon the Covert (level 10, 0/67 HPs)
             Began as an Octopode Fighter on July 8, 2018.
             Was a Priest of Okawaru.
             Slain by a merfolk
             ... wielding a +2 trident of venom
              (23 damage)
             ... on level 8 of the Dungeon.
             The game lasted 00:38:54 (6444 turns).

Gildeon the Covert (Octopode Fighter)               Turns: 6444, Time: 00:38:54

Health: 0/67       AC:  2    Str: 13    XL:     10   Next: 33%
Magic:  13/13      EV: 15    Int: 10    God:    Okawaru [***...]
Gold:   387        SH: 10    Dex: 16    Spells: 6/9 levels left

rFire    . . .     SeeInvis .   a - +1 trident
rCold    + . .     Gourm    +   b - +1 shield
rNeg     . . .     Faith    .   (helmet restricted)
rPois    .         Spirit   .   f - amulet of the gourmand
rElec    .         Reflect  .   p - ring of protection from cold
rCorr    .         Harm     .   (no ring)
MR       .....     Clarity  +   (no ring) Stlth ++++++....Rnd*Tele +
                                (no ring)
HPRegen  0.61/turn              (no ring)
MPRegen  0.13/turn              (no ring)
                                (no ring)
                                (no ring)

@: lethally poisoned (0 -> -10)
A: almost no armour, stealthy swim, amphibious, 8 rings, constrict 8, rugged
brown scales 1, camouflage 1, clarity, regeneration 1, teleportitis 1, weak 1,
wild magic 1, gelatinous body 1, MP-powered wands
a: Heroism, Renounce Religion


You were on level 8 of the Dungeon.
You worshipped Okawaru.
Okawaru was most pleased with you.
You were completely stuffed.

You visited 2 branches of the dungeon, and saw 9 of its levels.

You collected 387 gold pieces.

Inventory:

Hand Weapons
 a - a +1 trident (weapon)
Armour
 b - a +1 shield (worn)
Jewellery
 f - an amulet of the gourmand (around mantle)
 p - a ring of protection from cold (left tentacle)
Wands
 n - a wand of polymorph (10)
 q - a wand of digging (7)
 r - a wand of random effects (23)
Scrolls
 c - a scroll of fog
 g - 6 scrolls of blinking
 h - 5 scrolls of identify
 m - a scroll of remove curse
 o - 5 scrolls of teleportation
Potions
 e - 2 potions of curing
 i - a potion of cancellation
 j - 2 potions of ambrosia
 l - a potion of agility
 t - 3 potions of flight
Comestibles
 d - 16 rations
 s - 8 chunks of flesh


   Skills:
 - Level 5.0 Fighting
 + Level 8.8 Polearms
 - Level 6.1 Dodging
 - Level 10.0 Stealth
 - Level 5.0 Shields
 + Level 0.0 Spellcasting
 + Level 3.0 Invocations
 - Level 5.0 Evocations


You had 6 spell levels left.
You knew the following spells:

 Your Spells              Type           Power        Failure   Level  Hunger
a - Dazzling Spray        Conj/Hex       #.....       99%         3    ####...

Your spell library contained the following spells:

 Spells                   Type           Power        Failure   Level  Hunger
 Magic Dart               Conj           #...         86%         1    ##.....
 Iskenderun's Mystic Bla  Conj           #.......     100%        4    #####..
 Fulminant Prism          Conj/Hex       #.........   100%        4    #####..
 Force Lance              Conj/Tloc      #.......     100%        4    #####..
 Searing Ray              Conj           #.....       94%         2    ###....


Dungeon Overview and Level Annotations

Branches:
Dungeon (8/15)             Temple (1/1) D:5
   Lair: D:8-11

Altars:
Ashenzari
Cheibriados
Dithmenos
Elyvilon
Fedhas
Gozag
Hepliaklqana
Kikubaaqudgha
Makhleb
Nemelex Xobeh
Okawaru
Qazlal
Ru
Sif Muna
Trog
Uskayaw
Vehumet
Wu Jian
Xom
Yredelemnul
Zin
The Shining One

Annotations:
D:2 Sigmund
D:4 1 runed door, chorionicmirror's ghost, amateur DsGl
D:5 1 runed door, sking99's ghost, amateur DrTm
D:8 Psyche


Innate Abilities, Weirdness & Mutations

You cannot wear most types of armour.
You are very stealthy in the water. (Stealth+)
You are amphibious.
You can wear up to eight rings at the same time.
You can use your tentacles to constrict eight enemies at once.
Your skin changes colour to match your surroundings (Stealth+).
Your rubbery body absorbs attacks. (AC +1, EV +1)
You are partially covered in rugged brown scales. (AC +1, +3% HP)
You possess an exceptional clarity of mind.
Your natural rate of healing is unusually fast.
You are occasionally teleported next to monsters.
You are weak. (Str -2)
Your spells are a little harder to cast, but a little more powerful.
You expend magic power (3 MP) to strengthen your wands.


Message History

You constrict the merfolk, but do no damage.
You feel sick.
The merfolk hits you with a trident of venom!
You hit the merfolk.
The merfolk is almost dead.
You constrict the merfolk. You hit the merfolk but do no damage.
The merfolk is almost dead.
You constrict the merfolk.
You feel sick.
The merfolk hits you with a trident of venom!
* * * LOW HITPOINT WARNING * * *
You are lethally poisoned!
You feel better.
You constrict the merfolk.
The merfolk hits you with a trident of venom!
* * * LOW HITPOINT WARNING * * *
You are lethally poisoned!
You feel much better.
You constrict the merfolk.
You feel very sick.
The merfolk hits you with a trident of venom!!
You die...

.♣≈≈≈.....≈≈≈
.....≈♣≈...≈≈♣≈≈≈≈
.≈...≈≈≈≈.....[≈≈≈
≈≈≈≈.≈≈≈≈≈≈≈≈.≈≈#####
≈≈≈≈.≈≈♣≈≈≈≈≈.≈##≈≈≈##
...≈...♣≈≈..♣.##≈≈≈≈≈##
≈≈≈≈≈♣♣.......#≈...}≈≈#
≈≈≈≈≈≈≈≈≈.♣.♣.'≈.[./.≈+
≈≈##≈≈≈≈≈≈≈.≈≈#≈@m[..≈#
≈≈#######≈≈.♣≈##≈≈≈≈≈##
### ####≈≈≈##≈≈≈##
#≈≈≈≈##### #≈≈≈≈≈#
#######


You could see a merfolk.

Vanquished Creatures
  A two-headed ogre (D:5)
  Joseph (D:7)
  A hippogriff (D:8)
  A wyvern (D:8)
  A yak (D:8)
  A hog (D:8)
  2 hungry ghosts (D:7)
  Edmund (D:5)
  Duvessa (D:7)
  An ice beast (D:6)
  An orc warrior (D:6)
  2 black bears (D:8)
  2 phantoms
  A sky beast (D:5)
  2 centaurs
  2 ogres
  2 bullfrogs
  A gnoll sergeant (D:8)
  Dowan (D:7)
  A scorpion (D:6)
  An electric eel (D:8)
  A howler monkey (D:6)
  2 crimson imps
  5 hounds
  A jelly (D:5)
  Crazy Yiuf (D:7)
  A bullfrog skeleton (D:5)
  2 centaur skeletons (D:6)
  An orc priest (D:6)
  3 orc wizards (D:6)
  2 iguanas (D:5)
  Terence (D:3)
  4 worker ants
  A hound skeleton (D:3)
  Robin (D:2)
  5 gnolls
  A howler monkey skeleton (D:7)
  10 adders
  2 shadow imps
  An adder skeleton (D:4)
  An adder zombie (D:5)
  2 worms
  3 leopard geckos
  11 orcs
  A ball python (D:1)
  9 bats
  5 giant cockroaches
  11 goblins
  9 hobgoblins
  15 jackals
  4 quokkas
  9 frilled lizards
  7 kobolds
  A leopard gecko skeleton (D:5)
  A quokka skeleton (D:6)
  A quokka zombie (D:6)
  5 rats
167 creatures vanquished.

Vanquished Creatures (others)
  A plant (D:8)
1 creature vanquished.

Grand Total: 168 creatures vanquished

Notes
Turn   | Place    | Note
-------+----------+-------------------------------------------
     0 | D:1      | Gildeon the Octopode Fighter began the quest for the Orb.
     0 | D:1      | Reached XP level 1. HP: 16/16 MP: 1/1
   187 | D:1      | Reached skill level 1 in Stealth
   187 | D:1      | Reached XP level 2. HP: 20/21 MP: 2/2
   674 | D:2      | Gained mutation: You are agile. (Dex +2) [potion of mutation]
   674 | D:2      | Gained mutation: You are resistant to hostile enchantments. (MR+) [potion of mutation]
   674 | D:2      | Gained mutation: You are occasionally teleported next to monsters. [potion of mutation]
   674 | D:2      | Gained mutation: You are very agile. (Dex +4) [potion of mutation]
   675 | D:2      | Lost mutation: You are very agile. (Dex +4) [potion of mutation]
   675 | D:2      | Lost mutation: You are agile. (Dex +2) [potion of mutation]
   675 | D:2      | Gained mutation: You are frail. (-10% HP) [potion of mutation]
   675 | D:2      | Gained mutation: You are partially covered in rugged brown scales. (AC +1, +3% HP) [potion of mutation]
   675 | D:2      | Gained mutation: You possess an exceptional clarity of mind. [potion of mutation]
   689 | D:2      | Noticed Sigmund
   709 | D:2      | Reached skill level 2 in Stealth
   709 | D:2      | Reached XP level 3. HP: 21/24 MP: 3/3
   962 | D:2      | Reached XP level 4. HP: 26/28 MP: 4/4
  1001 | D:2      | Noticed Robin
  1025 | D:2      | Killed Robin
  1025 | D:2      | Reached skill level 3 in Stealth
  1503 | D:3      | Found a shattered altar of Ashenzari.
  1503 | D:3      | Found a stormy altar of Qazlal.
  1537 | D:3      | Reached XP level 5. HP: 33/33 MP: 5/5
  1691 | D:3      | Noticed Terence
  1700 | D:3      | Killed Terence
  1877 | D:3      | Reached skill level 4 in Stealth
  1885 | D:3      | Found an opulent altar of Gozag.
  1969 | D:4      | Found a runed door.
  1969 | D:4      | Noticed chorionicmirror's ghost (amateur DsGl)
  2270 | D:4      | Reached XP level 6. HP: 38/39 MP: 6/6
  2687 | D:5      | Entered Level 5 of the Dungeon
  2710 | D:5      | Reached skill level 5 in Stealth
  2770 | D:5      | Noticed a two-headed ogre
  2782 | D:5      | Killed a two-headed ogre
  2782 | D:5      | Reached skill level 5 in Polearms
  2782 | D:5      | Reached skill level 7 in Stealth
  2782 | D:5      | Reached XP level 7. HP: 33/42 MP: 7/7
  2782 | D:5      | Reached XP level 8. HP: 38/48 MP: 8/8
  2817 | D:5      | Found a staircase to the Ecumenical Temple.
  2853 | Temple   | Entered the Ecumenical Temple
  2864 | Temple   | Became a worshipper of Warmaster Okawaru
  3499 | D:5      | Reached skill level 8 in Stealth
  3547 | D:5      | Found a runed door.
  3553 | D:5      | Noticed sking99's ghost (amateur DrTm)
  3778 | D:5      | Noticed Edmund
  3789 | D:5      | Killed Edmund
  4153 | D:6      | Reached skill level 9 in Stealth
  4387 | D:6      | Reached XP level 9. HP: 52/52 MP: 9/9
  4417 | D:6      | Found a hazy altar of Hepliaklqana.
  4430 | D:6      | Found an ornate altar of the Wu Jian Council.
  4430 | D:6      | Found a white marble altar of Elyvilon.
  4430 | D:6      | Found a blossoming altar of Fedhas.
  4434 | D:6      | Found a basalt altar of Yredelemnul.
  4674 | D:6      | Lost mutation: You are frail. (-10% HP) [potion of mutation]
  4674 | D:6      | Lost mutation: You are resistant to hostile enchantments. (MR+) [potion of mutation]
  4674 | D:6      | Gained mutation: Your natural rate of healing is unusually fast. [potion of mutation]
  4674 | D:6      | Gained mutation: You are weak. (Str -2) [potion of mutation]
  4674 | D:6      | Gained mutation: Your spells are a little harder to cast, but a little more powerful. [potion of mutation]
  4674 | D:6      | Gained mutation: You expend magic power (3 MP) to strengthen your wands. [potion of mutation]
  4727 | D:6      | Reached * piety under Okawaru
  4813 | D:6      | Reached skill level 5 in Shields
  5044 | D:6      | Found a shadowy altar of Dithmenos.
  5168 | D:7      | Noticed Joseph
  5218 | D:7      | Reached skill level 10 in Stealth
  5341 | D:7      | Reached skill level 1 in Evocations
  5384 | D:7      | Killed Joseph
  5384 | D:7      | Reached ** piety under Okawaru
  5444 | D:7      | Learned a level 3 spell: Dazzling Spray
  5576 | D:7      | Found a burning altar of Makhleb.
  5631 | D:7      | Noticed Dowan
  5726 | D:7      | Found a runed door.
  5727 | D:7      | Noticed Crazy Yiuf
  5730 | D:7      | Killed Crazy Yiuf
  5926 | D:7      | Noticed Duvessa
  5932 | D:7      | Killed Duvessa
  5937 | D:7      | Killed Dowan
  5985 | D:8      | Reached skill level 5 in Fighting
  5985 | D:8      | Reached XP level 10. HP: 67/67 MP: 8/12
  6001 | D:8      | Reached *** piety under Okawaru
  6084 | D:7      | Reached skill level 1 in Invocations
  6148 | D:8      | Noticed a two-headed ogre
  6190 | D:8      | Noticed Psyche
  6422 | D:8      | Reached skill level 5 in Evocations
  6443 | D:8      | HP: 1/67 [merfolk/trident of venom (16)]
  6444 | D:8      | Slain by a merfolk

Vault maps used:
D:1:      dpeg_arrival_chase
D:2:      uniq_robin, uniq_sigmund
D:3:      marbit_many_paths, gammafunk_temple_overflow_wave, first_ration,
          uniq_terence
D:4:      hellmonk_ghost_happy_afterlife
D:5:      minmay_temple_entry_statues_fountains, ebering_ghost_reflecting_pool,
          uniq_edmund
D:6:      cheibrodos_quashed, minitemple, nicolae_dithmenos_the_darkroom
D:7:      basic_altar, uniq_joseph, uniq_duvessa, uniq_crazy_yiuf_cottage
D:8:      kennysheep_town, uniq_psyche
Temple:   eino_temple_water

Skill      XL: |  1  2  3  4  5  6  7  8  9 10 |
---------------+-------------------------------+-----
Stealth        | 1 2 3 4 7 9 10 | 10.0
Polearms       | 3 5 6 8 |  8.8
Dodging        | 4 6 |  6.1
Shields        | 4 5 |  5.0
Evocations     | 3 5 |  5.0
Fighting       | 5 |  5.0
Invocations    | 3 |  3.0

Action                   |  1- 3 |  4- 6 |  7- 9 | 10-12 || total
-------------------------+-------+-------+-------+-------++-------
Melee: Trident           |    79 |   133 |   214 |    65 ||   491
       Constrict         |    19 |    38 |    34 |    11 ||   102
       Tentacles         |    12 |    26 |    55 |    15 ||   108
Evoke: Wand              |       |       |     2 |       ||     2
  Use: Scroll            |     9 |     9 |     1 |       ||    19
       Potion            |     2 |     2 |     1 |     5 ||    10
 Stab: Sleeping          |     1 |    14 |    17 |     4 ||    36
       Distracted        |       |     1 |       |     1 ||     2
  Eat: Chunk             |       |    12 |    17 |     8 ||    37
       Ration            |       |     1 |       |       ||     1
Armor: Skin              |    12 |    12 |    10 |       ||    34
Dodge: Dodged            |    38 |    66 |    88 |    44 ||   236
Block: Shield            |    50 |    53 |    90 |    47 ||   240

Table legend:
 A = Spawn XP
 B = Non-spawn XP
 C = Spawn XP percentage of total XP
 D = Spawn monster count
 E = Non-spawn monster count
 F = Spawn count percentage of total count
 G = Total turns spent on level
                    A         B        C        D         E        F      G
               +---------+---------+-------+---------+---------+-------+---------
         Total |       0 |    6166 |   0.0 |       0 |     167 |   0.0 |  6444
               +---------+---------+-------+---------+---------+-------+---------
           D:1 |       0 |      30 |   0.0 |       0 |      21 |   0.0 |   664
           D:2 |       0 |     107 |   0.0 |       0 |      27 |   0.0 |   513
           D:3 |       0 |     117 |   0.0 |       0 |      23 |   0.0 |   983
           D:4 |       0 |     193 |   0.0 |       0 |      20 |   0.0 |   527
           D:5 |       0 |    1745 |   0.0 |       0 |      19 |   0.0 |   949
           D:6 |       0 |     846 |   0.0 |       0 |      26 |   0.0 |  1042
           D:7 |       0 |    1739 |   0.0 |       0 |      19 |   0.0 |   966
           D:8 |       0 |    1389 |   0.0 |       0 |      12 |   0.0 |   377
               +---------+---------+-------+---------+---------+-------+---------
